 Dungeon Crawl Stone Soup version 0.31-a0-1616-gbeaec30b81 (webtiles) character file.

Game seed: 14734959135882743780

88 LeprechaunX the Changeling (level 4, 0/29 HPs)
             Began as an Octopode Shapeshifter on Jan 10, 2024.
             Slain by a gnoll
             ... wielding a +2 vampiric spear
              (10 damage)
             ... on level 2 of the Dungeon.
             The game lasted 00:02:54 (1201 turns).

LeprechaunX the Changeling (Octopode Shapeshifter)  Turns: 1201, Time: 00:02:55

Health: 0/29       AC:  1    Str: 13    XL:     4   Next: 53%
Magic:  4/4        EV: 13    Int: 12    God:
Gold:   106        SH:  0    Dex: 13    Spells: 3/3 levels left

rFire   . .          .
                       - Unarmed
rCold   . . .        (no shield)
rNeg    . . .        (helmet currently unavailable)
rPois   .            (no amulet)
rElec   .            (no ring)
rCorr   .            (no ring)
SInv    .            (no ring)
Will    .....        (no ring)
Stlth   ++           (no ring)
HPRegen 0.24/turn    (no ring)
MPRegen 0.09/turn    (no ring)
                     (no ring)

%: no passive effects
@: beast-form
A: beast (slay +2), almost no armour, amphibious, 8 rings, camouflage 1,
gelatinous body 1, (nimble swimmer 1), tentacles
a: Begin Untransformation


You were on level 2 of the Dungeon.
You were a hulking beast.
You visited 1 branch of the dungeon, and saw 2 of its levels.

You collected 106 gold pieces.

Inventory:

Armour
 j - a +0 tower shield
Talismans
 b - a beast talisman
 c - a flux talisman
Scrolls
 g - a scroll of amnesia {unknown}
 h - 3 scrolls of identify {unknown}
 i - a scroll of teleportation {unknown}
 k - a scroll of vulnerability {unknown}
Potions
 a - a potion of lignification
 d - a potion of curing {unknown}
 e - a potion of mutation {unknown}
 l - 2 potions of magic {unknown}
 m - a potion of invisibility {unknown}
 n - a potion of enlightenment {unknown}
 o - a potion of attraction {unknown}


   Skills:
 + Level 2.0 Fighting
 + Level 1.1 Throwing
 - Level 2.0 Dodging
 + Level 0.4 Shields
 + Level 3.5 Unarmed Combat
 * Level 3.9 Shapeshifting


You had 3 spell levels left.
You didn't know any spells.
Your spell library was empty.

Dungeon Overview and Level Annotations

Branches:
Dungeon (2/15)

Altars:
Xom


Innate Abilities, Weirdness & Mutations

You are a hulking beast.
Your limbs bulge with bestial killing power. (Slay +2)
You cannot wear most types of armour.
You are amphibious.
You can wear up to eight rings at the same time.
Your skin changes colour to match your surroundings (Stealth+).
Your rubbery body absorbs attacks. (AC +1, EV +1)
((You are camouflaged when in or above water. (Stealth+)))
You have tentacles for arms and can constrict up to eight enemies at once.


Message History

A quokka comes into view.
Found a scroll labelled HUSODE QOHEONIU.
The gnoll hits you with a +0 spear.
The quokka moves out of view.
The kobold shouts!
You tentacle-slap the gnoll. You grab the gnoll. You squeeze the gnoll.
The gnoll is heavily wounded.
You constrict the gnoll.
The gnoll hits you from afar with a +2 vampiric spear!
The gnoll struggles to escape constriction.
Unknown command.
You tentacle-slap the gnoll. You squeeze the gnoll.
You kill the gnoll!
A hobgoblin comes into view.
The gnoll barely misses you.
Unknown command.
The gnoll attacks as it pursues you! The gnoll barely misses you.
The gnoll attacks as it pursues you!
The gnoll hits you from afar with a +2 vampiric spear!
A quokka comes into view.
The gnoll shouts!
You hear a loud squeak.
Throw: 2 javelins
Press: ? - help, Q - select action Shift-Dir - straight line, f - gnoll
Aim: a gnoll, wielding a +2 vampiric spear (61% to hit)
You throw a javelin. The javelin pierces through the gnoll.
The gnoll is moderately wounded.
The kobold hits the plant with a +2 short sword of speed.
The plant begins to die.
The gnoll hits you from afar with a +2 vampiric spear.
Throw: javelin
Press: ? - help, Q - select action Shift-Dir - straight line, f/p - gnoll
Aim: a gnoll, wielding a +2 vampiric spear (moderately wounded, 61% to hit)
You throw a javelin.
The javelin pierces through the gnoll but does no damage.
The gnoll is moderately wounded.
The javelin barely misses the kobold.
The javelin misses the quokka.
The javelin closely misses the quokka.
The kobold hits the plant with a +2 short sword of speed.
The hobgoblin hits something.
The gnoll hits you from afar with a +2 vampiric spear!
You die...

#.#P..P.#).8P.♣.♣####.
.♣♣P...(....♣..P.....
#.P♣..Pr...♣.♣♣P♣###.
#.P♣P..r..P♣ ♣...##.
♣.♣♣g.♣..♣♣♣♣♣♣P....
♣.PK♣..P.P..♣.♣###.
♣.Pg.P♣...§§§♣♣###.
#♣.♣PPP..♣♣♣♣~§§§..
###PhP♣P.♣♣..♣♣♣.####
#.#P♣♣♣♣♣..P♣♣♣P♣
#P...♣.P.♣..P♣..####
########♣P...♣.♣P♣♣♣.♣.#...
.......♣...♣♣♣♣♣♣P♣♣♣♣.#.##
#..♣♣P.P...♣♣♣♣%P....#
###.♣.♣♣♣P♣P♣♣ ♣.....
#.....♣♣...♣.♣ ♣#...#
#.###♣♣♣♣♣..♣♣ ##.##


You could see a gnoll, 2 quokkas, a hobgoblin and a kobold.

Vanquished Creatures
  2 adders (D:2)
  A gnoll (D:2)
  A dart slug (D:1)
  4 endoplasms (D:1)
  A giant cockroach (D:1)
  11 goblins
  4 hobgoblins (D:1)
  6 kobolds (D:1)
  4 quokkas
  5 ball pythons
  5 bats
  2 frilled lizards (D:1)
  7 rats (D:1)
53 creatures vanquished.

Notes
Turn   | Place    | Note
-------+----------+-------------------------------------------
     0 | D:1      | LeprechaunX the Octopode Shapeshifter began the quest for
                  | the Orb.
     0 | D:1      | Reached XP level 1. HP: 13/13 MP: 1/1
   100 | D:1      | Reached XP level 2. HP: 9/18 MP: 2/2
   258 | D:1      | Reached XP level 3. HP: 19/23 MP: 3/3
  1066 | D:2      | Reached XP level 4. HP: 29/29 MP: 4/4
  1091 | D:2      | Reached skill level 1 in Throwing
  1187 | D:2      | Found a shimmering altar of Xom.
  1201 | D:2      | Slain by a gnoll

Illustrated notes

Levels and vault maps discovered:
D:1:      dpeg_arrival_rooms_with_view, layout_basic, minmay_misc_feat_hallway,
          lexackson_kobold_supper
D:2:      wad_woods_stonehenge, layout_loops_ring, nicolae_figureground_sparkle

Skill      XL: |  1  2  3  4 |
---------------+-------------+-----
Throwing       | 1 |  1.1
Fighting       | 2 |  2.0
Dodging        | |  2.0
Shields        | |  0.4
Unarmed Combat | |  3.5
Shapeshifting  | |  3.9

Action                     |  1- 3 |  4- 6 || total
---------------------------+-------+-------++-------
  Melee: Unarmed           |    86 |    15 ||   101
         Constrict         |    21 |     5 ||    26
         Tentacles         |    15 |     5 ||    20
         Punch             |     3 |       ||     3
  Throw: Javelin           |       |     2 ||     2
   Stab: Sleeping          |     4 |     1 ||     5
 Armour: Skin              |    47 |    10 ||    57
  Dodge: Dodged            |    51 |     4 ||    55

Table legend: (Time is in decaauts)
 A = Elapsed time spent in this place.
 B = Non-inter-level travel time spent in this place.
 C = Inter-level travel time spent in this place.
 D = Time resting spent in this place.
 E = Time spent auto-exploring this place.
 F = Levels seen in this place.
 G = Mean time per level.
                   A        B        C        D        E       F      G
               +--------+--------+--------+--------+--------+-----+--------+
         Total |   1195 |   1137 |     58 |      0 |    888 |   2 |  597.5 |
       Dungeon |   1195 |   1137 |     58 |      0 |    888 |   2 |  597.5 |
               +--------+--------+--------+--------+--------+-----+--------+

Top non-repeatable levels by time:
     D:1: 921 daAuts
     D:2: 273 daAuts
